 Dungeon Crawl Stone Soup version 0.30-a0-651-g0755cc6dcf (webtiles) character file.

Game seed: 5789233511147139346

547 CoinPitGoblin the Magician (level 7, -1/47 HPs)
             Began as a Djinni Earth Elementalist on Jan 18, 2023.
             Slain by a gnoll sergeant
             ... wielding a +0 spear
              (6 damage)
             ... on level 5 of the Dungeon.
             The game lasted 00:07:24 (4179 turns).

CoinPitGoblin the Magician (DjEE)                   Turns: 4179, Time: 00:07:24

Health: -1/47      AC:  2    Str:  7    XL:     7   Next: 53%
Gold:   309        EV: 13    Int: 19    God:
                   SH:  0    Dex: 13

rFire   + + .      SeeInvis .    h - +1 short sword (holy)
rCold   x . .      Faith    .    (no shield)
rNeg    . . .      Spirit   .    a - +0 robe
rPois   ∞          Reflect  .    (no helmet)
rElec   .          Harm     .    (no cloak)
rCorr   .          Rampage  .    (no gloves)
Will    .....                    (boots unavailable)
Stlth   ++                       (no amulet)
HPRegen 0.27/turn                l - +4 ring of slaying
MPRegen 0.00/turn                (no ring)

@: about to teleport, wereblooded, flying, very slightly contaminated
A: sickness immunity, fire resistance 2, cold vulnerability 1, float, innate
caster, HP casting, extra vitality 1
a: no special abilities


You were on level 5 of the Dungeon.
You visited 1 branch of the dungeon, and saw 5 of its levels.

You collected 309 gold pieces.

Inventory:

Hand Weapons
 h - a +1 short sword of holy wrath (weapon)
 i - a +0 short sword
Armour
 a - a +0 robe (worn)
Jewellery
 l - a +4 ring of slaying (left hand)
Scrolls
 m - a scroll of identify {unknown}
 n - a scroll of teleportation
 p - a scroll of magic mapping
Potions
 b - a potion of magic
 c - 2 potions of flight {unknown}
 d - 2 potions of berserk rage {unknown}
 e - 3 potions of curing {unknown}
 f - a potion of haste {unknown}
 g - a potion of invisibility {unknown}
 j - a potion of brilliance {unknown}
 k - a potion of ambrosia {unknown}
 o - a potion of experience {unknown}


   Skills:
 + Level 1.0 Fighting
 + Level 3.4 Dodging
 - Level 1.5 Stealth
 + Level 5.8 Spellcasting


You had one spell level left.
You knew the following spells:

 Your Spells              Type           Power      Damage    Failure   Level
a - Stone Arrow           Conj/Erth      54%        3d10      3%          3
b - Teleport Other        Tloc           27%        N/A       3%          3
q - Sandblast             Erth           54%        2d13      1%          1
s - Wereblood             Tmut           27%        N/A       1%          2
w - Sting                 Tmut/Pois      100%       1d8       1%          1
x - Petrify               Tmut/Erth      27%        N/A       10%         4
z - Passwall              Tmut/Erth      22%        N/A       1%          2
Your spell library was empty.

Dungeon Overview and Level Annotations

Branches:
Dungeon (5/15)
 Temple: D:4-7

Altars:
Dithmenos
Fedhas
Hepliaklqana

Annotations:
D:5 Pikel


Innate Abilities, Weirdness & Mutations

You are immune to sickness and miasma.
You are immune to poison.
Your flesh is very heat resistant. (rF++)
You are vulnerable to cold. (rC-)
You float through the air rather than walking.
You learn spells naturally, not from books.
Your magical power is your life essence.
You have superior vitality. (+4 MHP)


Message History

A gnoll comes into view. It is wielding a +0 spear.
The blast of sand hits the gnoll.
The gnoll is heavily wounded.
The gnoll shouts!
You hear a shout!
The gnoll sergeant barely misses you. The gnoll hits you with a +0 whip.
Casting: Sandblast (safe; 1% risk of failure)
Confirm with . or Enter, or press ? or * to list all spells.
Aiming: Stone Arrow (dangerous; 3% risk of failure)
Press: ? - help, Shift-Dir - straight line, f/p - gnoll
Aim: a gnoll, wielding a +0 whip (heavily wounded, 75% to hit)
You miscast Stone Arrow.
You are very lightly contaminated with residual magic.
Nothing appears to happen.
The gnoll sergeant hits you from afar with a +0 spear.
Casting: Stone Arrow (dangerous; 3% risk of failure)
Confirm with . or Enter, or press ? or * to list all spells.
Aiming: Stone Arrow (dangerous; 3% risk of failure)
Press: ? - help, Shift-Dir - straight line, f/p - gnoll
Aim: a gnoll, wielding a +0 whip (heavily wounded, 75% to hit)
The stone arrow hits the gnoll!!
You feel a bit better.
You kill the gnoll!
You howl as the wereblood boils in your veins!
The gnoll sergeant hits you from afar with a +0 spear.
Casting: Stone Arrow (dangerous; 3% risk of failure)
Confirm with . or Enter, or press ? or * to list all spells.
Aiming: Stone Arrow (dangerous; 3% risk of failure)
Press: ? - help, Shift-Dir - straight line, f - gnoll
Aim: a gnoll, wielding a +0 club (75% to hit)
The stone arrow misses the gnoll.
* * * LOW HITPOINT WARNING * * *
You howl as the wereblood boils in your veins!
The gnoll sergeant hits you from afar with a +0 spear.
* * * LOW HITPOINT WARNING * * *
The gnoll misses you. The gnoll hits you with a +0 club.
* * * LOW HITPOINT WARNING * * *
Okay, then.
As you read the scroll of teleportation, it crumbles to dust.
You feel strangely unstable.
The gnoll sergeant hits you from afar with a +0 spear.
You die...

..................#.......†....#.
###...#........#.##....#...###.##
#...####.....#.......#### #....
##...# ###.####.))..## ##...
#.#.# ### #..)#.## #### ###.##
#...### #. ..##....# ####>..# ##
.......(#####..##..# #
....#8.8...g.gg.@..## # ...
#........>.gg...### # ..
#8.8.####....#....# # g #...##
##..###..## # #8.8# #### #### #
#...# #...# #...# ....#


You could see a gnoll sergeant and 4 gnolls.

Vanquished Creatures
  An ogre (D:4)
  A scorpion (D:5)
  2 hounds
  An orc priest (D:5)
  2 iguanas (D:4)
  3 orc wizards
  6 adders
  A gnoll (D:5)
  A worm (D:2)
  5 dart slugs
  8 orcs
  8 endoplasms
  4 giant cockroaches
  5 goblins
  11 hobgoblins
  9 jackals
  4 quokkas
  8 ball pythons
  7 bats
  5 frilled lizards
  11 kobolds
  3 rats
106 creatures vanquished.

Vanquished Creatures (others)
  5 fungi (D:3)
  5 plants (D:3)
10 creatures vanquished.

Grand Total: 116 creatures vanquished

Notes
Turn   | Place    | Note
-------+----------+-------------------------------------------
     0 | D:1      | CoinPitGoblin the Djinni Earth Elementalist began the quest
                  | for the Orb.
     0 | D:1      | CoinPitGoblin set off with the following spells memorised:
                  | Sandblast, Passwall, Stone Arrow, Petrify.
     0 | D:1      | Reached XP level 1. HP: 15/15 MP: 0/0
    40 | D:1      | Reached XP level 2. HP: 15/21 MP: 0/0
   101 | D:1      | Reached skill level 3 in Spellcasting
   222 | D:1      | Reached XP level 3. HP: 23/25 MP: 0/0
   222 | D:1      | Learned a level 1 spell: Sting
   952 | D:2      | Reached XP level 4. HP: 30/31 MP: 0/0
  1689 | D:3      | Identified the +5 short sword "Impbane" {freeze, Fly rC-
                  | Dex+3}
  1810 | D:3      | Reached XP level 5. HP: 35/35 MP: 0/0
  1810 | D:3      | Learned a level 2 spell: Wereblood
  1849 | D:3      | Found a blossoming altar of Fedhas.
  2025 | D:3      | Reached skill level 4 in Spellcasting
  2384 | D:4      | Found a shadowy altar of Dithmenos.
  2512 | D:4      | Reached XP level 6. HP: 39/40 MP: 0/0
  3023 | D:4      | Noticed an ogre
  3036 | D:4      | Killed an ogre
  3037 | D:4      | Reached skill level 5 in Spellcasting
  3517 | D:5      | Entered Level 5 of the Dungeon
  3517 | D:5      | Found a hazy altar of Hepliaklqana.
  3699 | D:5      | Reached XP level 7. HP: 25/46 MP: 0/0
  3699 | D:5      | Learned a level 3 spell: Teleport Other
  3699 | D:5      | Noticed Pikel
  4017 | D:5      | Reached skill level 1 in Fighting
  4179 | D:5      | Slain by a gnoll sergeant

Illustrated notes

Levels and vault maps discovered:
D:1:      lemuel_arrival_behind_the_door_small, layout_basic
D:2:      layout_loops_ring
D:3:      layout_loops_ring, fedhas_altar_3, serial_bayou_pond_a,
          kennysheep_potato
D:4:      layout_basic, nicolae_dithmenos_the_darkroom
D:5:      layout_cave_pools, lemuel_crystal_altar, nicolae_vehumet_radiance,
          serial_column_ruins, column_ruins_columns_straight,
          column_ruins_columns_straight, column_ruins_columns_straight,
          column_ruins_columns_straight, column_ruins_corridor_straight,
          serial_shops, shop, hangedman_decor_riveting, kennysheep_small_square,
          uniq_pikel

Skill      XL: |  1  2  3  4  5  6  7 |
---------------+----------------------+-----
Spellcasting   | 3 4 5 |  5.8
Dodging        | 3 |  3.4
Fighting       | 1 |  1.0
Stealth        | |  1.5

Action                   |  1- 3 |  4- 6 |  7- 9 || total
-------------------------+-------+-------+-------++-------
Melee: Unarmed           |     3 |       |       ||     3
       Short sword       |     1 |    23 |       ||    24
 Cast: Sandblast         |    55 |    88 |     9 ||   152
       Stone Arrow       |       |     4 |    13 ||    17
       Passwall          |       |     1 |       ||     1
       Wereblood         |       |       |     1 ||     1
  Use: Scroll            |       |     6 |     1 ||     7
       Potion            |       |     2 |       ||     2
Armor: Robe              |     4 |    10 |       ||    14
Dodge: Dodged            |    19 |    56 |    12 ||    87

Table legend: (Time is in decaauts)
 A = Elapsed time spent in this place.
 B = Non-inter-level travel time spent in this place.
 C = Inter-level travel time spent in this place.
 D = Time resting spent in this place.
 E = Time spent auto-exploring this place.
 F = Levels seen in this place.
 G = Mean time per level.
                   A        B        C        D        E       F      G
               +--------+--------+--------+--------+--------+-----+--------+
         Total |   4256 |   3915 |    341 |    340 |   2906 |   5 |  851.2 |
       Dungeon |   4256 |   3915 |    341 |    340 |   2906 |   5 |  851.2 |
               +--------+--------+--------+--------+--------+-----+--------+

Top non-repeatable levels by time:
     D:4: 1481 daAuts
     D:1: 849 daAuts
     D:3: 846 daAuts
     D:2: 688 daAuts
     D:5: 389 daAuts
